 Dungeon Crawl Stone Soup version 0.25.1-2-g60ff931df9 (webtiles) character file.

Game seed: 7019768283406938788

176421 OdinFK the Cryomancer (level 17, -22/143 (146) HPs)
             Began as a Ghoul Ice Elementalist on Sept 8, 2020.
             Was a High Priest of Vehumet.
             Annihilated by a +2 dire flail of holy wrath (24 damage)
             ... on level 1 of the Elven Halls on Sept 9, 2020.
             The game lasted 04:50:39 (42448 turns).

OdinFK the Cryomancer (Ghoul Ice Elementalist)     Turns: 42448, Time: 04:50:40

HP:   -22/143 (146) AC: 12    Str: 22    XL:     17   Next: 83%
MP:   5/29          EV: 12    Int: 17    God:    Vehumet [*****.]
Gold: 3350          SH:  6    Dex:  9    Spells: 3/34 levels left

rFire    . . .     SeeInvis .   J - +9 rapier "Gaonoy" {vamp, +Rage +Fly}
rCold    + . .     Gourm    .   S - +2 buckler
rNeg     + + +     Faith    .   R - +1 leather armour of Burnt Creativity {MR+ rCorr Dex+2}
rPois    ∞         Spirit   .   v - +0 helmet
rElec    .         Reflect  .   W - scarf {repulsion}
rCorr    +         Harm     .   I - +2 pair of gloves
MR       ++...                  L - +2 pair of boots
Stlth    ++........             E - amulet of regeneration
HPRegen  0.00/turn              f - +6 ring of strength
MPRegen  0.21/turn              U - ring "Yklyny" {Wiz rPois Str+2 Int+2 Dex-2}

@: mighty, rotting, repel missiles
A: rotting body, claws 1, carnivore, cold resistance 1, negative energy
resistance 3, inhibited regeneration, torment resistance, unbreathing
}: 1/15 runes: serpentine
a: Renounce Religion, Evoke Flight


You were on level 1 of the Elven Halls.
You worshipped Vehumet.
Vehumet was extremely pleased with you.
You were not hungry.

You visited 7 branches of the dungeon, and saw 33 of its levels.
You also visited: Ossuary and Ice Cave.

You collected 3538 gold pieces.
You spent 188 gold pieces at shops.

Inventory:

Hand Weapons
 J - the +9 rapier "Gaonoy" (weapon) {vamp, +Rage +Fly}
   (You found it on level 7 of the Dungeon)

   It inflicts no extra harm, but heals its wielder when it wounds a living foe.
   It lets you fly.
   It lets you go berserk.
Armour
 v - a +0 helmet (worn)
 D - a +2 robe of fire resistance
 F - a +2 cloak
 I - a +2 pair of gloves (worn)
 L - a +2 pair of boots (worn)
 R - the +1 leather armour of Burnt Creativity (worn) {MR+ rCorr Dex+2}
   (You found it on level 11 of the Dungeon)

   It affects your dexterity (+2).
   It affects your resistance to hostile enchantments.
   It provides partial protection from all sources of acid and corrosion.
 S - a +2 buckler (worn)
 W - a scarf of repulsion (worn)
Jewellery
 b - an uncursed ring of protection from cold
 d - an uncursed ring of resist corrosion
 f - a +6 ring of strength (left hand)
 k - an uncursed ring of flight {unknown}
 u - an uncursed ring of fire
 B - the ring of the Ego {rC+ MR- Int+7}
   (You found it on level 5 of the Dungeon)

   [ring of protection from cold]

   It affects your intelligence (+7).
   It protects you from cold.
   It affects your resistance to hostile enchantments.
 E - an amulet of regeneration (around neck)
 G - a +6 ring of dexterity
 N - an uncursed ring of see invisible
 U - the ring "Yklyny" (right hand) {Wiz rPois Str+2 Int+2 Dex-2}
   (You found it on level 8 of the Dungeon)

   [ring of wizardry]

   It improves your spell success rate.
   It affects your strength (+2).
   It affects your intelligence (+2).
   It affects your dexterity (-2).
   It protects you from poison.
Wands
 a - a wand of digging (10)
 g - a wand of polymorph (10)
 T - a wand of iceblast (10)
 V - a wand of acid (26)
Scrolls
 i - 10 scrolls of enchant weapon
 p - 4 scrolls of magic mapping
 s - 10 scrolls of remove curse
 t - 2 scrolls of fog
 w - a scroll of fear
 x - 5 scrolls of amnesia
 y - 3 scrolls of immolation
 H - 15 scrolls of teleportation
 K - a scroll of silence
 O - 2 scrolls of enchant armour
 Q - 5 scrolls of identify
 Z - 2 scrolls of torment
Potions
 e - a potion of ambrosia
 h - a potion of cancellation
 j - 3 potions of resistance
 m - 5 potions of might
 n - 4 potions of brilliance
 o - 6 potions of stabbing
 q - 2 potions of magic
 z - a potion of flight
 A - 4 potions of haste (quivered)
 C - 6 potions of curing
 Y - a potion of heal wounds
Miscellaneous
 X - a phantom mirror
Comestibles
 c - 44 rations


   Skills:
 - Level 12.0 Fighting
 + Level 8.6 Short Blades
 - Level 5.0 Armour
 - Level 3.0 Dodging
 - Level 4.0 Stealth
 - Level 4.0 Shields
 - Level 9.0 Spellcasting
 - Level 7.0 Conjurations
 - Level 3.0 Charms
 - Level 6.0 Summonings
 - Level 3.0 Necromancy
 + Level 21.7 Ice Magic
 - Level 6.0 Air Magic
 - Level 0.8 Evocations


You had 3 spell levels left.
You knew the following spells:

 Your Spells              Type           Power        Failure   Level  Hunger
a - Freeze                Ice            ####         0%          1    None
b - Frozen Ramparts       Ice            ######       0%          3    None
c - Ozocubu's Armour      Chrm/Ice       #####...     1%          3    None
d - Summon Ice Beast      Ice/Summ       ######..     1%          4    ###....
e - Animate Skeleton      Necr           N/A          1%          1    None
f - Hailstorm             Conj/Ice       ######..     1%          4    ###....
g - Freezing Cloud        Conj/Ice/Air   #####.....   1%          6    ######.
h - Absolute Zero         Ice            ######....   16%         9    #######

Your spell library contained the following spells:

 Spells                   Type           Power        Failure   Level  Hunger
 Chain Lightning          Conj/Air       ####......   97%         8    #######
 Fire Storm               Conj/Fire      ###.......   100%        9    #######
 Foxfire                  Conj/Fire      ###.         1%          1    None
 Summon Butterflies       Summ           ####....     1%          1    None
 Summon Small Mammal      Summ           ####         1%          1    None
 Call Canine Familiar     Summ           ####....     1%          3    None
 Conjure Flame            Conj/Fire      ###.....     1%          3    None
 Shroud of Golubria       Chrm/Tloc      ##....       3%          2    None
 Apportation              Tloc           #.....       4%          1    None
 Corona                   Hex            #......      4%          1    None
 Inner Flame              Hex/Fire       #.......     4%          3    None
 Blink                    Tloc           N/A          6%          2    None
 Slow                     Hex            #.......     6%          2    None
 Sticks to Snakes         Tmut           #.......     6%          2    None
 Gell's Gravitas          Tloc           #.........   13%         3    None
 Lesser Beckoning         Tloc           #.........   13%         3    None
 Portal Projectile        Hex/Tloc       #.....       13%         3    None
 Teleport Other           Tloc           #.......     13%         3    None
 Tukima's Dance           Hex            #.......     13%         3    None
 Sticky Flame             Conj/Fire      ###.....     3%          4    ###....
 Iskenderun's Battlesphe  Conj/Chrm      ###.....     4%          5    #####..
 Fireball                 Conj/Fire      ###.......   8%          5    #####..
 Bolt of Magma            Conj/Fire/Erth ###.......   13%         5    #####..
 Yara's Violent Unravell  Hex/Tmut       #.........   28%         5    #####..
 Silence                  Hex/Air        ###.......   32%         5    #####..
 Summon Mana Viper        Hex/Summ       ###.....     32%         5    #####..
 Iron Shot                Conj/Erth      ###.......   34%         6    ######.
 Cause Fear               Hex            #.........   38%         4    ###....
 Leda's Liquefaction      Hex/Erth       #.........   38%         4    ###....
 Passage of Golubria      Tloc           N/A          38%         4    ###....
 Orb of Destruction       Conj           ####......   43%         7    #######
 Spellforged Servitor     Conj/Summ      ####......   47%         7    #######
 Alistair's Intoxication  Tmut/Pois      #.......     71%         5    #####..
 Summon Hydra             Summ           ####......   95%         7    #######
 Invisibility             Hex            #.......     99%         6    ######.
 Discord                  Hex            #.........   100%        8    #######
 Ignition                 Fire           #.........   100%        8    #######
 Beastly Appendage        Tmut           Unusable     N/A         1    N/A
 Spider Form              Tmut/Pois      Unusable     N/A         3    N/A
 Ice Form                 Ice/Tmut       Unusable     N/A         4    N/A
 Blade Hands              Tmut           Unusable     N/A         5    N/A

Dungeon Overview and Level Annotations

Branches:
Dungeon (15/15) Temple (1/1) D:7 Lair (6/6) D:11 Shoals (4/4) Lair:4 Snake (4/4) Lair:3 Slime (0/5) Lair:6 Orc (2/2) D:10 Elf (1/3) Orc:2 Vaults (0/5) D:12 D:13 Depths (0/5) D:15 Ossuary (visited) IceCv (visited)

Altars:
Ashenzari
Cheibriados
Dithmenos
Elyvilon
Fedhas
Gozag
Hepliaklqana
Kikubaaqudgha
Makhleb
Nemelex Xobeh
Okawaru
Qazlal
Ru
Sif Muna
Trog
Uskayaw
Vehumet
Wu Jian
Xom
Yredelemnul
Zin
The Shining One
Beogh
Jiyva

Shops:
Orc:2 :[}%!   Snake:2 %*

Annotations:
D:12 Rupert
Lair:6 1 runed translucent door
Shoals:3 1 runed translucent door, doomsgape's ghost, journeyman TeGl
Orc:1 1 runed translucent door, humannomore's ghost, novice TrBe


Innate Abilities, Weirdness & Mutations

Your body is rotting away.
You thrive on raw meat.
You are immune to poison.
You have sharp fingernails.
You are carnivorous and can eat meat at any time.
Your flesh is cold resistant. (rC+)
You are immune to negative energy. (rN+++)
You do not regenerate when monsters are visible.
You are immune to unholy pain and torment.
You can survive without breathing.


Message History

You convulse!
* * * LOW HITPOINT WARNING * * *
Your ice beast hits the +2 dire flail of holy wrath.
Your ice beast freezes the +2 dire flail of holy wrath.
The +2 dire flail of holy wrath resists.
Your ice beast hits the +2 dire flail of holy wrath but does no damage.
You catch the helpless +2 dire flail of holy wrath completely off-guard!
You hit the +2 dire flail of holy wrath.
The +2 dire flail of holy wrath is severely damaged.
The +2 dire flail of holy wrath hits you!
* * * LOW HITPOINT WARNING * * *
You convulse!
* * * LOW HITPOINT WARNING * * *
Your ice beast closely misses the +2 dire flail of holy wrath.
Your ice beast misses the +2 dire flail of holy wrath.
Okay, then.
You hit the +2 dire flail of holy wrath.
The +2 dire flail of holy wrath is almost destroyed.
The +2 dire flail of holy wrath hits you!!
You die...

####++## ##......## +###
##........# ...## ###
##.........# ....##
#.######..........#
^....#######....@(YZ.........#
......'..........YYZ........##
....^.######.######........##
......# #.# #.......##
......######.# #......##
......+......# #.....##
......+......# ####''#
[.....######.# #..# ''#####
#.# #.%#


You could see a +2 dire flail of holy wrath, 3 friendly ice beasts and 2
friendly deep elf mage skeletons.

Vanquished Creatures
  5 nagarajas
  Aizul (Snake:2)
  A fire dragon (D:15)
  Snorg (Lair:6)
  Erolcha (D:9)
  A merfolk impaler (Shoals:2)
  11 naga warriors
  2 catoblepae (Lair:6)
  4 anacondas
  4 two-headed ogres
  4 centaur warriors
  9 naga sharpshooters
  3 shock serpents
  4 salamander mystics
  3 skeletal warriors (D:11)
  3 unseen horrors
  3 sea snakes
  3 lindwurms (Lair:6)
  5 naga ritualists
  A wizard (D:14)
  A deep elf archer (Elf:1)
  A harpy (Shoals:3)
  6 orc knights
  4 ugly things
  2 mana vipers
  3 manticores
  2 oklob plants (Lair:5)
  2 deep elf magi
  8 fauns
  11 salamanders
  5 merfolk sirens
  3 cyclopes
  20 black mambas
  16 naga magi
  A molten gargoyle (D:15)
  3 guardian serpents
  3 torpor snails (Lair:6)
  10 spiny frogs
  A kobold demonologist (D:11)
  An efreet (D:14)
  3 rime drakes
  A redback zombie (D:14)
  5 komodo dragons
  A queen bee (D:13)
  A meliai (D:12)
  4 trolls
  8 merfolk
  3 tyrant leeches (Lair:6)
  4 hornets
  2 wind drakes
  3 dream sheep (Lair:4)
  12 blink frogs
  6 hippogriffs
  4 shadows
  Sigmund (D:2)
  5 wyverns
  A wraith (D:15)
  3 hungry ghosts
  7 basilisks
  11 yaks
  15 humans (D:12)
  A golden eye (shapeshifter) (D:12)
  A fire elemental (Elf:1)
  3 vampire mosquitoes (D:15)
  28 nagas
  6 wargs
  14 water moccasins
  A hydra simulacrum (Lair:3)
  5 porcupines
  6 black bears
  An eye of draining (D:15)
  4 sky beasts
  27 orc warriors
  A necrophage (D:7)
  A phantom (D:13)
  8 ice beasts
  12 ogres
  8 centaurs
  3 wolves (Lair:1)
  6 crocodiles
  A big kobold (D:11)
  2 elf zombies (Ossuary)
  19 bullfrogs
  2 spiny frog simulacra (Lair:3)
  A water moccasin zombie (D:11)
  3 scorpions
  A water moccasin skeleton (D:7)
  23 killer bees
  6 howler monkeys
  3 wights (D:11)
  8 crimson imps
  5 centaur zombies
  6 hounds
  10 jellies
  2 quasits
  8 orc priests
  5 centaur skeletons
  2 human zombies (Ossuary)
  20 orc wizards
  3 bullfrog skeletons
  2 iguanas
  Terence (D:2)
  13 worker ants
  A yak simulacrum (Lair:5)
  A nameless horror (D:11)
  A bullfrog simulacrum (Lair:3)
  2 mummies (Ossuary)
  2 hound zombies
  2 hound skeletons
  A gnoll (D:8)
  15 adders
  A crocodile simulacrum (Lair:3)
  5 shadow imps
  6 oozes
  An adder zombie (D:8)
  An adder skeleton (D:5)
  3 worms
  3 leopard geckos
  82 orcs
  8 giant cockroaches
  8 goblins
  7 hobgoblins
  12 jackals
  14 kobolds
  8 quokkas
  2 ball pythons
  11 bats
  7 frilled lizards
  A giant cockroach zombie (D:5)
  2 quokka skeletons
  A quokka zombie (D:5)
  6 rats
  A fungus (Lair:6)
  3 plants
772 creatures vanquished.

Vanquished Creatures (collateral kills)
  An azure jelly (Lair:6)
  3 nagarajas (Snake:4)
  A merfolk javelineer (Shoals:4)
  2 merfolk impalers (Shoals:4)
  4 hydras
  10 naga warriors
  A centaur warrior (D:8)
  2 anacondas
  A satyr (Shoals:3)
  A two-headed ogre (D:15)
  12 naga sharpshooters
  3 shock serpents
  2 skeletal warriors (D:11)
  3 salamander mystics
  2 sea snakes
  A necromancer (Lair:5)
  5 mana vipers
  9 harpies
  A naga ritualist (Snake:4)
  4 orc knights
  3 oklob plants
  5 deep elf magi
  2 ugly things
  4 manticores
  7 fauns
  A cyclops (Shoals:4)
  An orc sorcerer (Orc:2)
  10 salamanders
  3 guardian serpents
  5 merfolk sirens
  7 black mambas
  3 molten gargoyles (D:15)
  9 naga magi
  2 water nymphs
  3 torpor snails (Lair:6)
  A gargoyle (D:10)
  A centaur skeleton (D:15)
  3 komodo dragons
  A rime drake (Lair:6)
  An anaconda simulacrum (Lair:3)
  15 merfolk
  A polar bear (Lair:5)
  2 meliai
  2 trolls
  2 wind drakes
  6 blink frogs
  4 hornets (Lair:6)
  4 dream sheep
  2 hippogriffs
  3 snapping turtles
  2 yaks
  5 water elementals
  A human (D:12)
  3 basilisks
  A hungry ghost (D:8)
  A warg (Orc:2)
  24 nagas
  A soldier ant (D:10)
  4 water moccasins
  3 porcupines
  9 orc warriors
  A black bear (D:8)
  2 ice beasts
  A sky beast (D:12)
  2 ogres
  A centaur (Lair:4)
  6 crocodiles
  5 bullfrogs
  A scorpion (D:8)
  A killer bee (D:13)
  A wight (D:11)
  A hound (D:9)
  A quasit (D:15)
  3 jellies
  An orc priest (D:10)
  An orc wizard (Orc:2)
  A worker ant (D:12)
  5 polar bear simulacra
  4 wolf simulacra (Lair:5)
  A yak simulacrum (Lair:5)
  A worker ant zombie (D:8)
  13 orcs (Orc:2)
  A quokka (D:10)
  A river rat simulacrum (Lair:5)
  6 fungi
  3 plants
299 creatures vanquished.

Vanquished Creatures (others)
  An orc (D:9)
  A bush (D:11)
  10 fungi
  69 plants
81 creatures vanquished.

Grand Total: 1152 creatures vanquished

Notes
Turn   | Place    | Note
-------+----------+-------------------------------------------
     0 | D:1      | OdinFK the Ghoul Ice Elementalist began the quest for the
                  | Orb.
     0 | D:1      | Reached XP level 1. HP: 14/14 MP: 2/2
   155 | D:1      | Reached XP level 2. HP: 19/20 MP: 0/3
   332 | D:1      | Reached skill level 5 in Ice Magic
   731 | D:1      | Reached XP level 3. HP: 26/26 MP: 5/5
   736 | D:1      | Learned a level 3 spell: Frozen Ramparts
   793 | D:2      | Noticed Terence
  1005 | D:2      | Reached XP level 4. HP: 28/33 MP: 2/6
  1016 | D:2      | Noticed Sigmund
  1067 | D:2      | Killed Terence
  1328 | D:2      | Reached XP level 5. HP: 37/39 MP: 1/8
  1797 | D:2      | Reached skill level 6 in Ice Magic
  1850 | D:2      | Killed Sigmund
  1850 | D:2      | Reached skill level 1 in Fighting
  1850 | D:2      | Reached skill level 7 in Ice Magic
  1850 | D:2      | Reached XP level 6. HP: 28/47 MP: 5/9
  1855 | D:2      | Learned a level 3 spell: Ozocubu's Armour
  2436 | D:3      | Found an ancient bone altar of Kikubaaqudgha.
  3047 | D:4      | Noticed an orc warrior
  3205 | D:4      | Reached skill level 1 in Charms
  3369 | D:4      | Reached XP level 7. HP: 38/55 MP: 7/10
  3385 | D:4      | Learned a level 4 spell: Summon Ice Beast
  3913 | D:5      | Entered Level 5 of the Dungeon
  4188 | D:5      | Reached skill level 8 in Ice Magic
  5263 | D:5      | Got a coiled copper ring
  5451 | D:6      | Reached skill level 9 in Ice Magic
  5451 | D:6      | Reached XP level 8. HP: 51/59 MP: 12/12
  5503 | D:6      | Found a shattered altar of Ashenzari.
  5503 | D:6      | Found a stormy altar of Qazlal.
  5692 | D:6      | Found a sand-covered staircase.
  5697 | Ossuary  | Entered an ossuary
  7375 | D:6      | Reached skill level 5 in Spellcasting
  7375 | D:6      | Reached skill level 10 in Ice Magic
  7755 | D:7      | Got a jewelled rapier
  7756 | D:7      | Identified the +9 rapier "Gaonoy" {vamp, +Rage +Fly} (You
                  | found it on level 7 of the Dungeon)
  7791 | D:7      | Reached XP level 9. HP: 54/68 MP: 15/15
  7797 | D:7      | Reached skill level 1 in Short Blades
  7922 | D:7      | Learned a level 1 spell: Animate Skeleton
  7927 | D:7      | Learned a level 4 spell: Hailstorm
  8171 | D:7      | Found a staircase to the Ecumenical Temple.
  8233 | Temple   | Entered the Ecumenical Temple
  8240 | Temple   | Became a worshipper of Vehumet
  8314 | D:7      | Found a sacrificial altar of Ru.
  8425 | D:7      | Reached skill level 1 in Conjurations
  8844 | D:8      | Reached skill level 1 in Summonings
  8844 | D:8      | Reached skill level 1 in Necromancy
  9258 | D:8      | Reached * piety under Vehumet
  9258 | D:8      | Offered knowledge of Foxfire by Vehumet.
  9504 | D:8      | Found a runed translucent door.
  9504 | D:8      | Noticed a centaur warrior
  9505 | D:8      | Found a runed translucent door.
  9506 | D:8      | Found a runed translucent door.
  9506 | D:8      | Noticed a centaur warrior
  9623 | D:8      | Reached XP level 10. HP: 78/78 MP: 16/16
  9872 | D:9      | Noticed Erolcha
  9897 | D:9      | Killed Erolcha
 10222 | D:9      | Offered knowledge of Shock by Vehumet.
 10226 | D:9      | Reached ** piety under Vehumet
 10228 | D:9      | Reached skill level 11 in Ice Magic
 10297 | D:9      | Reached skill level 5 in Fighting
 10711 | D:10     | Entered Level 10 of the Dungeon
 10721 | D:10     | Found a staircase to the Orcish Mines.
 10999 | D:10     | Offered knowledge of Ignite Poison by Vehumet.
 11071 | D:10     | Reached *** piety under Vehumet
 11071 | D:10     | Reached XP level 11. HP: 92/92 MP: 17/17
 11216 | D:10     | Noticed a two-headed ogre
 11249 | D:10     | Killed a two-headed ogre
 11249 | D:10     | Reached skill level 12 in Ice Magic
 11313 | D:10     | HP: 1/92 [gargoyle/stone arrow (12)]
 11673 | D:11     | Noticed a skeletal warrior
 11675 | D:11     | Noticed a skeletal warrior
 11688 | D:10     | Reached skill level 5 in Summonings
 11818 | D:11     | Reached skill level 5 in Conjurations
 11828 | D:11     | Found a staircase to the Lair.
 11881 | D:11     | Offered knowledge of Static Discharge by Vehumet.
 11981 | D:11     | Got a distressingly furry leather armour
 12008 | D:11     | Noticed a skeletal warrior
 12021 | D:11     | Noticed a skeletal warrior
 12021 | D:11     | Noticed a skeletal warrior
 12303 | D:11     | Identified the ring of the Ego {rC+ MR- Int+7} (You found
                  | it on level 5 of the Dungeon)
 12326 | D:11     | Identified the cursed +1 leather armour of Burnt Creativity
                  | {MR+ rCorr Dex+2} (You found it on level 11 of the Dungeon)
 12636 | D:11     | Noticed a brown ugly thing
 12647 | D:11     | Killed a brown ugly thing
 12951 | Orc:1    | Entered Level 1 of the Orcish Mines
 13166 | Orc:2    | Entered Level 2 of the Orcish Mines
 13364 | Orc:2    | Reached skill level 1 in Armour
 13368 | Orc:2    | Reached **** piety under Vehumet
 13419 | Orc:2    | Found Ihicriwn's Book Shop.
 13427 | Orc:2    | Reached skill level 13 in Ice Magic
 13458 | Orc:2    | Noticed an orc sorcerer
 13465 | Orc:2    | Killed an orc sorcerer
 13525 | Orc:2    | Found Rodewnat's Antique Armour Shoppe.
 13525 | Orc:2    | Found Haurghu's Gadget Boutique.
 13525 | Orc:2    | Noticed an orc knight
 13525 | Orc:2    | Noticed an orc knight
 13525 | Orc:2    | Noticed an orc knight
 13525 | Orc:2    | Noticed an orc knight
 13543 | Orc:2    | Killed an orc knight
 13543 | Orc:2    | Offered knowledge of Inner Flame by Vehumet.
 13547 | Orc:2    | Noticed an orc knight
 13547 | Orc:2    | Reached XP level 12. HP: 101/101 MP: 16/18
 14503 | Orc:2    | Reached skill level 14 in Ice Magic
 14746 | Orc:2    | Bought a shimmering robe for 188 gold pieces
 14757 | Orc:2    | Identified the cursed +1 robe of Muttered Phrases {rN+ MR+}
                  | (You bought it in a shop on level 2 of the Orcish Mines)
 14830 | Orc:2    | Found a roughly hewn altar of Beogh.
 14877 | Orc:2    | Reached skill level 5 in Short Blades
 15008 | Orc:2    | Found Comaas's Distillery.
 15008 | Orc:2    | Found Peng's Food Shoppe.
 15101 | Orc:2    | Found a staircase to the Elven Halls.
 15288 | Orc:1    | Found a radiant altar of Vehumet.
 15418 | Orc:1    | Reached ***** piety under Vehumet
 15418 | Orc:1    | Offered knowledge of Freezing Cloud by Vehumet.
 15435 | Orc:1    | Found a runed translucent door.
 15435 | Orc:1    | Found a shimmering altar of Xom.
 15435 | Orc:1    | Noticed humannomore's ghost (novice TrBe)
 15679 | D:11     | Reached skill level 5 in Armour
 15830 | Lair:1   | Entered Level 1 of the Lair of Beasts
 17062 | Lair:2   | Reached XP level 13. HP: 94/107 MP: 21/21
 17070 | Lair:2   | Learned a level 6 spell: Freezing Cloud
 17105 | Lair:2   | Found a frozen archway.
 17114 | IceCv    | Entered an ice cave
 17130 | IceCv    | Found a transporter.
 17147 | IceCv    | Reached skill level 1 in Air Magic
 17160 | IceCv    | Reached skill level 15 in Ice Magic
 17295 | IceCv    | Found a transporter.
 17882 | Lair:3   | Found a transporter.
 17989 | Lair:3   | Found a transporter.
 18012 | Lair:3   | Found a staircase to the Snake Pit.
 18548 | Lair:4   | Found a staircase to the Shoals.
 18701 | Lair:4   | Offered knowledge of Fulminant Prism by Vehumet.
 21100 | D:8      | Got a brightly glowing silver ring
 21102 | D:8      | Got a warped bronze ring
 21109 | D:8      | Identified the ring "Woosyu" {*Tele rPois Str+6 Int+2} (You
                  | found it on level 8 of the Dungeon)
 21350 | D:11     | Reached XP level 14. HP: 92/117 MP: 3/25
 21781 | D:12     | Identified the ring "Yklyny" {Wiz rPois Str+2 Int+2 Dex-2}
                  | (You found it on level 8 of the Dungeon)
 21814 | D:12     | Offered knowledge of Iskenderun's Battlesphere by Vehumet.
 21981 | D:12     | Reached skill level 16 in Ice Magic
 22623 | D:13     | Found a gate to the Vaults.
 22623 | D:13     | Noticed Rupert
 25472 | D:14     | You fall into a shaft and drop 1 floor!
 25472 | D:15     | Entered Level 15 of the Dungeon
 25472 | D:15     | Found a shimmering blue altar of Sif Muna.
 25501 | D:15     | Reached skill level 5 in Air Magic
 25524 | D:14     | Reached skill level 17 in Ice Magic
 26103 | D:15     | Offered knowledge of Yara's Violent Unravelling by Vehumet.
 26307 | Lair:6   | Entered Level 6 of the Lair of Beasts
 26542 | Lair:6   | Noticed Snorg
 26574 | Lair:6   | Killed Snorg
 27018 | Lair:6   | Found a runed translucent door.
 27030 | Lair:6   | Found a viscous altar of Jiyva.
 27030 | Lair:6   | Noticed an azure jelly
 27032 | Lair:6   | Found a staircase to the Slime Pits.
 27187 | Snake:1  | Entered Level 1 of the Snake Pit
 27236 | Snake:1  | Reached XP level 15. HP: 87/124 MP: 5/26
 27767 | Snake:1  | Reached skill level 18 in Ice Magic
 27866 | Snake:1  | Identified the +6 quarterstaff "Uluade" {pain, rPois rC-
                  | MR+ Dex+3}
 28327 | Snake:1  | Reached skill level 10 in Fighting
 28580 | Snake:2  | Found Riulaczu's Food Shoppe.
 28924 | Snake:2  | Noticed Aizul
 29211 | Snake:2  | Noticed a nagaraja
 29232 | Snake:2  | Killed a nagaraja
 29383 | Snake:2  | Found Yningin's General Store.
 29954 | Lair:3   | Offered knowledge of Ozocubu's Refrigeration by Vehumet.
 29973 | Lair:3   | HP: 3/129 [six-headed hydra simulacrum (8)]
 30207 | Lair:3   | Identified Winkilua's Collected Works on the Entrancing
                  | Arsonist
 30210 | Lair:3   | Got a pair of transparent gloves
 30236 | Lair:3   | Identified the +0 pair of gloves of Dyspraxia {SInv} (You
                  | found it on level 3 of the Lair of Beasts)
 30366 | Lair:6   | Killed an azure jelly
 30926 | Lair:6   | Found a runed translucent door.
 31518 | D:15     | Reached skill level 1 in Shields
 32223 | D:15     | Found a blossoming altar of Fedhas.
 32575 | Shoals:1 | Entered Level 1 of the Shoals
 33074 | Shoals:1 | Offered knowledge of Spellforged Servitor by Vehumet.
 33104 | Shoals:1 | Reached skill level 19 in Ice Magic
 33311 | Shoals:1 | Reached XP level 16. HP: 136/138 MP: 12/27
 33937 | Shoals:3 | Found a runed translucent door.
 33938 | Shoals:3 | Noticed doomsgape's ghost (journeyman TeGl)
 34779 | Shoals:4 | Entered Level 4 of the Shoals
 35016 | Snake:2  | Killed Aizul
 35932 | Snake:3  | Reached skill level 20 in Ice Magic
 35971 | Snake:3  | Offered knowledge of Lehudib's Crystal Spear by Vehumet.
 36574 | Snake:4  | Entered Level 4 of the Snake Pit
 36579 | Snake:4  | Found an iron altar of Okawaru.
 36802 | Snake:4  | Noticed a nagaraja
 36851 | Snake:4  | Killed a nagaraja
 37536 | Snake:4  | Reached XP level 17. HP: 141/146 MP: 23/29
 38549 | Snake:4  | HP: 1/146 [salamander/+0 trident (11)]
 39030 | Snake:4  | Reached ****** piety under Vehumet
 39030 | Snake:4  | Offered knowledge of Fire Storm by Vehumet.
 39030 | Snake:4  | Offered knowledge of Chain Lightning by Vehumet.
 39030 | Snake:4  | Offered knowledge of Absolute Zero by Vehumet.
 39041 | Snake:4  | Learned a level 9 spell: Absolute Zero
 39434 | Snake:4  | Reached skill level 21 in Ice Magic
 40275 | Snake:4  | Got a serpentine rune of Zot
 40703 | D:15     | Found a staircase to the Depths.
 42232 | Elf:1    | Entered Level 1 of the Elven Halls
 42447 | Elf:1    | HP: 2/143 [+2 dire flail of holy wrath (16)]
 42448 | Elf:1    | Annihilated by a +2 dire flail of holy wrath

Illustrated notes

Levels and vault maps discovered:
D:1:      dpeg_arrival_orchard, layout_loops_ring
D:2:      layout_loops_ring, first_ration, uniq_terence, uniq_sigmund
D:3:      layout_basic, lemuel_round_altar
D:4:      layout_rooms, minmay_ruptured
D:5:      layout_layer_cave, minmay_checkerbox
D:6:      layout_rooms, amethyst_overflow_temple_binary, enter_ossuary_2,
          kennysheep_flooded_box
D:7:      corexii_shack_village, layout_basic, kennysheep_little_box,
          minmay_temple_entry_butterflies
D:8:      minmay_the_grid_triangle_9x9_rhombus_full
          [minmay_the_grid_triangle_9x9_cache,
          minmay_the_grid_triangle_9x9_dagger,
          minmay_the_grid_triangle_9x9_zippers_horizontal,
          minmay_the_grid_triangle_9x9_windchime,
          minmay_the_grid_triangle_9x9_fully_insulated_deathbox,
          minmay_the_grid_triangle_9x9_longest,
          minmay_the_grid_triangle_9x9_pentomino_pain,
          minmay_the_grid_triangle_9x9_prize_insulated], layout_gridville,
          hangedman_little_slice_of_home
D:9:      layout_loops_ring, bh_walls_and_bars, uniq_erolcha
D:10:     layout_irregular_city, orc_0_dummy, minmay_crystal_water,
          minmay_diced_spiral
D:11:     layout_loops_ring, minmay_lair_entry_grove
D:12:     layout_long_grid, grunt_ministairs_5
D:13:     layout_stronghold, david_vaults_3, minivault_23, minivault_7
D:14:     layout_gridville
D:15:     grunt_enter_depths_hoard, layout_basic, fedhas_altar_fruit_tree,
          basic_altar, nrook_loot_triangle, minmay_crystal_room, minivault_8
Temple:   nicolae_temple_no_exploring_needed
Lair:1:   layout_cave_pods, beast_lair_carwin_6, serial_bayou_shore_b
Lair:2:   layout_long_grid, portal_ice_cave_rime, grunt_forest_stairs_basic
Lair:3:   gammafunk_cloud_chamber, layout_long_grid, guppyfry_snake_entry_island
Lair:4:   layout_loops_ring, minmay_shoals_entry_centaurs, serial_bayou_pond_c
Lair:5:   layout_roguey, hangedman_lair_unloving_vines, eino_house_with_fridge,
          grunt_megastairs_4, minmay_lair_oklob_chamber
Lair:6:   hangedman_lair_in_review, layout_long_grid, wormcave, slime_altar_2,
          uniq_snorg
Shoals:1: layout_shoals
Shoals:2: layout_shoals
Shoals:3: layout_shoals, ebering_ghost_reflecting_pool
Shoals:4: shoals_end_grunt_garden, layout_shoals,
          nicolae_shoals_siren_and_animal_friends, uniq_roxanne, uniq_polyphemus
Snake:1:  layout_misc_corridors, nicolae_snake_shapes
Snake:2:  layout_concentric_octagons, minmay_shoptagon, uniq_aizul
Snake:3:  layout_cave_town, grunt_megastairs_3, serial_bayou_shore_b
Snake:4:  snake_pit, layout_gridlike, grunt_ministairs_15, lemuel_oklob_altar,
          lemuel_fruit_tree
Orc:1:    layout_caves, ebering_ghost_xom, basic_altar,
          nicolae_orc_sculptors_studio
Orc:2:    st_orc_town, layout_diamond_mine, serial_shops, shop,
          guppyfry_library_mini
Elf:1:    layout_gridlike, evilmike_minifort, amethyst_killhole

Skill      XL: |  1  2  3  4  5  6  7  8  9 10 11 12 13 14 15 16 17 |
---------------+----------------------------------------------------+-----
Ice Magic      | 5 7 9 10 11 13 14 15 17 19 20 21 | 21.7
Spellcasting   | 2 3 5 6 8 9 |  9.0
Fighting       | 1 2 4 7 8 9 11 12 | 12.0
Charms         | 1 3 |  3.0
Short Blades   | 3 4 5 6 7 8 |  8.6
Stealth        | 4 |  4.0
Conjurations   | 3 4 5 6 7 |  7.0
Summonings     | 3 4 5 6 |  6.0
Necromancy     | 3 |  3.0
Dodging        | 2 3 |  3.0
Armour         | 2 5 |  5.0
Air Magic      | 4 5 6 |  6.0
Shields        | 2 4 |  4.0
Evocations     | |  0.8

Action                   |  1- 3 |  4- 6 |  7- 9 | 10-12 | 13-15 | 16-18 || total
-------------------------+-------+-------+-------+-------+-------+-------++-------
Melee: Unarmed           |    27 |   134 |   462 |       |       |       ||   623
       Rapier            |       |       |   150 |   461 |   809 |   448 ||  1868
 Cast: Freeze            |    30 |    26 |     6 |     4 |       |       ||    66
       Frozen Ramparts   |     1 |    25 |    58 |    87 |   134 |    87 ||   392
       Ozocubu's Armour  |       |       |    25 |    16 |    14 |     3 ||    58
       Animate Skeleton  |       |       |     3 |    69 |   104 |    83 ||   259
       Summon Ice Beast  |       |       |       |    78 |   317 |   267 ||   662
       Hailstorm         |       |       |       |     1 |     1 |       ||     2
       Freezing Cloud    |       |       |       |       |     9 |    38 ||    47
Evoke: Wand              |       |       |     7 |       |     2 |       ||     9
  Use: Scroll            |       |     7 |     2 |    16 |    16 |    11 ||    52
       Potion            |       |       |     2 |     2 |     5 |     7 ||    16
 Stab: Sleeping          |       |     5 |     5 |     7 |    15 |     3 ||    35
       Paralysed         |       |       |    23 |       |       |       ||    23
       Distracted        |       |       |       |     4 |     6 |     8 ||    18
       Petrified         |       |       |       |       |     5 |       ||     5
  Eat: Chunk             |    12 |    25 |    45 |    72 |   206 |   135 ||   495
       Ration            |       |       |     2 |       |       |     2 ||     4
Armor: Robe              |    19 |    36 |   224 |    91 |       |       ||   370
       Leather armour    |       |       |       |    77 |   460 |   195 ||   732
Dodge: Dodged            |    33 |    92 |   273 |   281 |   592 |   265 ||  1536
       Repelled          |       |     1 |       |       |       |     4 ||     5
Block: Buckler           |       |       |       |       |    36 |   163 ||   199
